 Dungeon Crawl Stone Soup version 0.29-a0-789-g7a8fcbc185 (webtiles) character file.

Game seed: 16103473290118872251

44 quinnr the Gusty (level 3, -1/19 HPs)
             Began as a Tengu Air Elementalist on July 2, 2022.
             Slain by an iguana (3 damage)
             ... on level 4 of the Dungeon.
             The game lasted 00:04:14 (2846 turns).

quinnr the Gusty (Tengu Air Elementalist)           Turns: 2846, Time: 00:04:15

Health: -1/19      AC:  3    Str:  8    XL:     3   Next: 60%
Magic:  0/7        EV: 12    Int: 17    God:
Gold:   146        SH:  0    Dex: 14    Spells: 5/6 levels left

rFire   + . .      SeeInvis .   i - staff of fire
rCold   . . .      Faith    .   (no shield)
rNeg    + . .      Spirit   .   a - +0 robe
rPois   .          Reflect  .   (helmet restricted)
rElec   .          Harm     .   t - +0 cloak
rCorr   .          Rampage  .   (no gloves)
Will    .....                   (boots unavailable)
Stlth   ++........              (no amulet)
HPRegen 0.06/turn               j - ring of wizardry
MPRegen 0.10/turn               k - ring of positive energy

@: no status effects
A: beak, talons 3
a: no special abilities


You were on level 4 of the Dungeon.
You visited 1 branch of the dungeon, and saw 4 of its levels.

You collected 146 gold pieces.

Inventory:

Missiles
 c - 6 poisoned darts
Armour
 a - a +0 robe (worn)
 t - a +0 cloak (worn)
Magical Staves
 i - a staff of fire (weapon)
Jewellery
 j - a ring of wizardry (left hand)
 k - a ring of positive energy (right hand)
 o - the ring "Varuerri" {+Blink Dex+4 Slay+4}
   (You found it on level 2 of the Dungeon)

   [ring of slaying]

   Dex:       It affects your dexterity (+4).
   Slay:      It affects your accuracy & damage with ranged weapons and melee
   (+4).
   +Blink:    It lets you blink.
Wands
 m - a wand of paralysis (3)
Scrolls
 f - 2 scrolls of magic mapping {unknown}
 g - 3 scrolls of poison {unknown}
 h - 2 scrolls of vulnerability {unknown}
 l - 2 scrolls of identify {unknown}
 n - 2 scrolls of teleportation {unknown}
 p - 2 scrolls of immolation {unknown}
Potions
 b - a potion of magic
 d - 2 potions of mutation {unknown}
 e - 5 potions of curing {unknown}
 q - a potion of might {unknown}
 r - a potion of invisibility {unknown}
 s - a potion of haste {unknown}


   Skills:
 - Level 2.1 Dodging
 - Level 2.0 Stealth
 - Level 2.0 Spellcasting
 - Level 1.3 Conjurations
 + Level 6.0 Air Magic


You had 5 spell levels left.
You knew the following spells:

 Your Spells              Type           Power      Damage    Failure   Level
a - Shock                 Conj/Air       56%        1d6       1%          1

Your spell library contained the following spells:

 Spells                   Type           Power      Damage    Failure   Level
 Swiftness                Air            22%        N/A       1%          3
 Static Discharge         Conj/Air       14%        3-5/arc   2%          2
 Airstrike                Air            11%        0-5+      6%          4


Dungeon Overview and Level Annotations

Branches:
Dungeon (4/15)
 Temple: D:4-7

Altars:
Ru

Shops:
D:2 *


Innate Abilities, Weirdness & Mutations

You have a beak for a mouth.
You have claws for feet.


Message History

There is a stone staircase leading up here.
There is a stone staircase leading down here.
e - 5 black potions (gained 1)
Found a sacrificial altar of Ru.
An iguana comes into view.
Found 2 stones.
The zap hits the iguana.
The iguana is moderately wounded.
The iguana hisses angrily.
The zap hits the iguana.
The iguana is heavily wounded.
The zap hits the iguana.
The iguana is severely wounded.
The zap hits the iguana but does no damage.
The iguana is severely wounded.
The zap hits the iguana but does no damage.
The iguana is heavily wounded.
The zap misses the iguana.
The iguana attacks as you move away! The iguana bites you!
The iguana attacks as you move away! The iguana completely misses you.
The zap hits the iguana.
The iguana is severely wounded.
The zap hits the iguana but does no damage.
The iguana is severely wounded.
The iguana barely misses you.
The zap hits the iguana.
The iguana is almost dead.
The zap hits the iguana.
The iguana is almost dead.
The iguana bites you.
You are too injured to fight recklessly!
You are too injured to fight recklessly!
Unknown command.
You closely miss the iguana.
The iguana is almost dead.
The iguana bites you!
* * * LOW HITPOINT WARNING * * *
Unknown command.
The iguana attacks as you move away! The iguana bites you.
You die...

##........##.######.#
..
#............<......#
...
#..........##########
...####.#.####>........
........#.........#####
........#.........#
........#.........#
..................#
..###...l@.....#.#
#######..P.......#.#
.........P.......#.#
.........P.......#
.........P.......#
.................#
.................#
........._.......#
................


You could see an iguana.

Vanquished Creatures
  2 adders (D:3)
  4 ball pythons
  A bat (D:1)
  2 endoplasms
  A giant cockroach (D:1)
  2 goblins (D:3)
  3 hobgoblins
  5 kobolds
  A quokka (D:1)
  3 rats
24 creatures vanquished.

Notes
Turn   | Place    | Note
-------+----------+-------------------------------------------
     0 | D:1      | quinnr the Tengu Air Elementalist began the quest for the
                  | Orb.
     0 | D:1      | Reached XP level 1. HP: 10/10 MP: 4/4
   464 | D:1      | Reached XP level 2. HP: 15/15 MP: 3/6
   913 | D:2      | Found a faded altar of an unknown god.
  1122 | D:2      | Reached skill level 5 in Air Magic
  1553 | D:2      | Found Laum's General Store.
  1587 | D:2      | Identified the ring "Varuerri" {+Blink Dex+4 Slay+4}
  1802 | D:3      | Reached XP level 3. HP: 17/19 MP: 3/7
  2620 | D:3      | Reached skill level 6 in Air Magic
  2830 | D:4      | Found a sacrificial altar of Ru.
  2846 | D:4      | Slain by an iguana

Illustrated notes

Levels and vault maps discovered:
D:1:      wander_arrival_peaceful_grave, layout_basic
D:2:      layout_loops_corners, serial_shops, shop, basic_ecumenical_altar,
          kennysheep_cross_room
D:3:      layout_loops_corners
D:4:      wander_river, layout_basic, mainiacjoe_overflow_boulevard,
          guppyfry_shop_venom, uniq_edmund

Skill      XL: |  1  2  3 |
---------------+----------+-----
Air Magic      | 5 6 |  6.0
Dodging        | |  2.1
Stealth        | |  2.0
Spellcasting   | |  2.0
Conjurations   | |  1.3

Action                   || total
-------------------------++-------
Melee: Staff             ||     1
 Cast: Shock             ||    58
Armor: Robe              ||     5
Dodge: Dodged            ||    10

Table legend: (Time is in decaauts)
 A = Elapsed time spent in this place.
 B = Non-inter-level travel time spent in this place.
 C = Inter-level travel time spent in this place.
 D = Time resting spent in this place.
 E = Time spent auto-exploring this place.
 F = Levels seen in this place.
 G = Mean time per level.
                   A        B        C        D        E       F      G
               +--------+--------+--------+--------+--------+-----+--------+
         Total |   2843 |   2814 |     29 |      0 |   2615 |   4 |  710.8 |
       Dungeon |   2843 |   2814 |     29 |      0 |   2615 |   4 |  710.8 |
               +--------+--------+--------+--------+--------+-----+--------+

Top non-repeatable levels by time:
     D:3: 1052 daAuts
     D:2: 905 daAuts
     D:1: 855 daAuts
     D:4: 29 daAuts
